 Dungeon Crawl Stone Soup version 0.22.0-75-g3901e79 (webtiles) character file.

34 whitewolfNL the Firebug (level 3, 0/20 HPs)
             Began as a Gargoyle Fire Elementalist on Sept 11, 2018.
             Slain by an adder (1 damage)
             ... on level 2 of the Dungeon.
             The game lasted 00:09:07 (2162 turns).

whitewolfNL the Firebug (GrFE)                      Turns: 2162, Time: 00:09:08

Health: 0/20       AC:  5    Str: 11    XL:     3   Next: 31%
Magic:  2/6        EV:  9    Int: 16    God:
Gold:   24         SH:  0    Dex: 10    Spells: 5/6 levels left

rFire    . . .     SeeInvis .   b - -3 short sword (curse)
rCold    . . .     Gourm    .   (no shield)
rNeg     + . .     Faith    .   a - +0 robe
rPois    ∞         Spirit   .   (no helmet)
rElec    +         Reflect  .   (no cloak)
rCorr    .         Harm     .   (no gloves)
MR       .....                  (no boots)
Stlth    ++........             (no amulet)
HPRegen  0.06/turn              (no ring)
MPRegen  0.10/turn              (no ring)

@: constricted
A: negative energy resistance 1, electricity resistance, unbreathing,
petrification resistance, rot immunity, AC +3
a: no special abilities


You were on level 2 of the Dungeon.
You were not hungry.

You visited 1 branch of the dungeon, and saw 2 of its levels.

You collected 24 gold pieces.

Inventory:

Hand Weapons
 b - a cursed -3 short sword (weapon)
 d - a +4 dagger
 e - a +0 hunting sling
Missiles
 f - 34 stones (quivered)
 m - 22 bolts
Armour
 a - a +0 robe (worn)
 k - a +0 ring mail
Scrolls
 g - a scroll of teleportation
 i - a scroll of identify
 l - a scroll of remove curse {unknown}
Potions
 h - 3 potions of lignification {unknown}
Comestibles
 j - a ration


   Skills:
 * Level 1.0 Fighting
 + Level 0.2 Short Blades
 + Level 1.7 Dodging
 + Level 2.5 Stealth
 + Level 2.2 Spellcasting
 + Level 1.1 Conjurations
 + Level 3.5 Fire Magic


You had 5 spell levels left.
You knew the following spells:

 Your Spells              Type           Power        Failure   Level  Hunger
a - Flame Tongue          Conj/Fire      #....        8%          1    #......

Your spell library contained the following spells:

 Spells                   Type           Power        Failure   Level  Hunger
 Throw Flame              Conj/Fire      #.....       12%         2    ###....
 Conjure Flame            Conj/Fire      #.......     24%         3    ###....
 Inner Flame              Hex/Fire       #.......     28%         3    ###....
 Sticky Flame             Conj/Fire      #.......     61%         4    #####..
 Fireball                 Conj/Fire      #.........   91%         5    ######.


Dungeon Overview and Level Annotations

Branches:
Dungeon (2/15)

Altars:


Innate Abilities, Weirdness & Mutations

You are resistant to torment.
Your stone body is resilient. (AC +3)
You are immune to poison.
You resist negative energy. (rN+)
You are resistant to electric shocks. (rElec)
You can survive without breathing.
You are immune to petrification.
You are immune to rotting.


Message History

The worm is heavily wounded.
The ball python barely misses you. The ball python constricts you.
The adder closely misses you. The ball python completely misses you.
The ball python constricts you. The frilled lizard closely misses you.
The rat bites you but does no damage. The kobold barely misses you.
The worm bites you but does no damage. The kobold hits you with a short sword.
* * * LOW HITPOINT WARNING * * *
You barely miss the worm.
The worm is moderately wounded.
The adder closely misses you. The ball python bites you.
* * * LOW HITPOINT WARNING * * *
The ball python constricts you. The rat closely misses you.
The kobold barely misses you. The frilled lizard bites you.
* * * LOW HITPOINT WARNING * * *
The kobold hits you but does no damage. The adder bites you but does no damage.
You hit the worm.
The worm is heavily wounded.
The ball python bites you but does no damage.
The ball python constricts you. The adder bites you.
You die... ##### #+().## #$..K?# #!glKK# #$gS@S# ##.rw## #####

You could see a worm, an adder, 2 hobgoblins, a ball python, 3 kobolds, a frilled lizard and a rat.

Vanquished Creatures
  An ooze (D:1)
  3 leopard geckos (D:1)
  4 goblins (D:1)
  4 hobgoblins (D:1)
  2 jackals (D:1)
  2 frilled lizards (D:1)
  6 kobolds (D:1)
  3 rats (D:1)
25 creatures vanquished.

Notes
Turn   | Place    | Note
-------+----------+-------------------------------------------
     0 | D:1      | whitewolfNL the Gargoyle Fire Elementalist began the quest
                  | for the Orb.
     0 | D:1      | Reached XP level 1. HP: 10/10 MP: 3/3
   129 | D:1      | Reached XP level 2. HP: 15/15 MP: 3/5
  1071 | D:1      | Reached skill level 1 in Fighting
  1136 | D:1      | Reached XP level 3. HP: 18/20 MP: 0/6
  2161 | D:2      | HP: 1/20 [frilled lizard (2)]
  2162 | D:2      | Slain by an adder

Skill      XL: |  1  2 |
---------------+-------+-----
Fighting       | 1 |  1.0
Short Blades   | |  0.2
Dodging        | |  1.7
Stealth        | |  2.5
Spellcasting   | |  2.2
Conjurations   | |  1.1
Fire Magic     | |  3.5

Action                   || total
-------------------------++-------
Melee: Unarmed           ||    11
       Short sword       ||    33
 Cast: Flame Tongue      ||    39
  Use: Scroll            ||     2
 Stab: Sleeping          ||     1
  Eat: Chunk             ||     2
       Ration            ||     1
Armor: Robe              ||    19
Dodge: Dodged            ||    58
